 Dungeon Sprint DCSS version 0.29-a0-838-g385bb11a5b (webtiles) character file.

Game seed: 14844431400321857568

4 purpskrrrp the Sneak (level 1, -1/9 HPs)
             Began as a Vine Stalker Enchanter on July 13, 2022.
             Succumbed to a scorpion's poison
             ... in the Dungeon (Sprint IX: "|||||||||||||||||||||||||||||").
             The game lasted 00:00:25 (24 turns).

purpskrrrp the Sneak (Vine Stalker Enchanter)         Turns: 24, Time: 00:00:26

Health: -1/9       AC:  2    Str: 10    XL:     1   Next: 70%
Magic:  4/4        EV: 12    Int: 15    God:
Gold:   0          SH:  0    Dex: 14    Spells: 4/4 levels left

rFire   . . .      SeeInvis .   a - +1 dagger
rCold   . . .      Faith    .   (no shield)
rNeg    . . .      Spirit   +   b - +0 robe
rPois   .          Reflect  .   (no helmet)
rElec   .          Harm     .   (no cloak)
rCorr   .          Rampage  .   (no gloves)
Will    .....      NoTele   +   (no boots)
Stlth   +++.......              (no amulet)
HPRegen 0.03/turn               (no ring)
MPRegen 0.09/turn               (no ring)

@: lethally poisoned (-1 -> -12), invisible
A: fangs 2, magic shield, antimagic bite, no potion heal 2
a: no special abilities


You were in the Dungeon.
You visited 1 branch

Inventory:

Hand Weapons
 a - a +1 dagger (weapon)
Armour
 b - a +0 robe (worn)
Scrolls
 h - a scroll of blinking
Potions
 c - a potion of invisibility
 d - a potion of curing
 e - a potion of haste
 f - 2 potions of magic
 g - a potion of berserk rage


   Skills:
 + Level 1.2 Short Blades
 + Level 1.7 Dodging
 + Level 4.4 Stealth
 + Level 2.4 Spellcasting
 + Level 3.6 Hexes


You had 4 spell levels left.
You didn't know any spells.
Your spell library contained the following spells:

 Spells                   Type           Power      Damage    Failure   Level
 Confusing Touch          Hex            12%        N/A       14%         3
 Tukima's Dance           Hex            12%        N/A       14%         3
 Ensorcelled Hibernation  Hex/Ice        14%        N/A       16%         2
 Dazzling Flash           Conj/Hex       14%        N/A       30%         3


Dungeon Overview and Level Annotations

Branches:
Dungeon (1/1)

Altars:


Innate Abilities, Weirdness & Mutations

You have extremely sharp teeth.
When hurt, damage is shared between your health and your magic reserves.
Your bite disrupts and absorbs the magic of your enemies.
Potions cannot restore your health.


Message History

The helpless hobgoblin fails to defend itself.
You puncture the hobgoblin!
You kill the hobgoblin!
The giant cockroach bites you.
You hit the giant cockroach but do no damage.
The giant cockroach bites you.
You barely miss the giant cockroach. The giant cockroach closely misses you.
You hit the giant cockroach.
The giant cockroach is heavily wounded.
The giant cockroach barely misses you.
You hit the giant cockroach but do no damage.
You bite the giant cockroach. You drain its power.
The giant cockroach is severely wounded.
The giant cockroach misses you.
You hit the giant cockroach.
You kill the giant cockroach!
Your Short Blades skill increases to level 1!
You barely miss the frilled lizard.
The frilled lizard bites you but does no damage.
You hit the frilled lizard.
You kill the frilled lizard!
No target in view!
No target in view!
Unknown command.
Things that are here:
a frilled lizard corpse; a giant cockroach corpse You fade into invisibility!
You open the door.
A black bear, a hound, an ogre and 2 scorpions come into view.
The black bear growls angrily.
The ogre shouts!
The hound barks!
The scorpion barely misses you. The scorpion stings you!
* * * LOW HITPOINT WARNING * * *
You are lethally poisoned!
The scorpion poisons you!
There is an open door, spattered with blood here.
You catch the helpless scorpion completely off-guard!
You puncture the scorpion! You bite the scorpion. You drain its power.
You feel invigorated.
The scorpion is severely wounded.
You die...

▓+▓
▓s▓
▓h▓
▓h▓
▓O▓
▓s▓
▓@▓
▓.▓
▓.▓
▓†▓
▓.▓
▓†▓
▓'▓
▓.▓
▓.▓


You could see a black bear (wandering, unable to see you), an ogre (unable to
see you), 2 scorpions and a hound.

Vanquished Creatures
  A giant cockroach (D)
  A hobgoblin (D)
  A bat (D)
  A frilled lizard (D)
  A rat (D)
5 creatures vanquished.

Notes
Turn   | Place    | Note
-------+----------+-------------------------------------------
     0 | D        | purpskrrrp the Vine Stalker Enchanter began the quest for
                  | the Orb.
     0 | D        | Reached XP level 1. HP: 9/9 MP: 4/4
     8 | D        | Reached skill level 4 in Stealth
    16 | D        | Reached skill level 1 in Short Blades
    22 | D        | Noticed a scorpion
    22 | D        | Noticed a black bear
    22 | D        | Noticed a hound
    22 | D        | Noticed an ogre
    22 | D        | Noticed a scorpion
    24 | D        | Succumbed to a scorpion's poison

Illustrated notes

Levels and vault maps discovered:
D:        linesprint [early_d, line_temple, items_1, d_10, items_2, lair_1,
          lair_end, items_3, orc_1, orc_end, items_4, d_15, swamp_1, shoals_1,
          snake_1, spider_1, d_20, vaults_1, items_5, swamp_end, shoals_end,
          snake_end, spider_end, vaults_end, d_27, items_6, zot_1, zot_end,
          crypt_end, forest_end, elf_end, slime_end, tomb_end, abyss_end,
          pan_hell_end]

Skill      XL: |  1 |
---------------+----+-----
Stealth        | 4 |  4.4
Short Blades   | 1 |  1.2
Dodging        | |  1.7
Spellcasting   | |  2.4
Hexes          | |  3.6

Action                   || total
-------------------------++-------
Melee: Dagger            ||    12
       Bite              ||     2
  Use: Potion            ||     1
 Stab: Invisible         ||     1
       Sleeping          ||     1
Armor: Robe              ||     2
Dodge: Dodged            ||     7

Table legend: (Time is in decaauts)
 A = Elapsed time spent in this place.
 B = Non-inter-level travel time spent in this place.
 C = Inter-level travel time spent in this place.
 D = Time resting spent in this place.
 E = Time spent auto-exploring this place.
 F = Levels seen in this place.
 G = Mean time per level.
                   A        B        C        D        E       F      G
               +--------+--------+--------+--------+--------+-----+--------+
         Total |     23 |     23 |      0 |      0 |      3 |   1 |   23.0 |
       Dungeon |     23 |     23 |      0 |      0 |      3 |   1 |   23.0 |
               +--------+--------+--------+--------+--------+-----+--------+

Top non-repeatable levels by time:
       D: 23 daAuts
